Map: Overgrowth LE (Void)

Players

Namshar - Winner!

  • Race: Zerg Zerg
  • League: Master
  • Spawn Location: 7:00

Erik

  • Race: Zerg Zerg
  • League: Master
  • Spawn Location: 1:00

Event: NationWars IV

VOD

Have the link to the VOD?

Description

Time

  • Played on: Jan. 6, 2017, 10:37 a.m.
  • Length: 9:20
Show
View Real Time Build Order
Export as new Build Order

Namshar Zerg - Winner!

Build Orders: Pool First 

Get SALT Encoding   

  12  0:00  Drone  
  13  0:12  Overlord  
  13  0:19  Drone  
  14  0:32  Drone x2  
  14  0:34  Drone  
  17  0:43  Spawning Pool  
  17  0:47  Drone  
  17  1:07  Hatchery  
  17  1:09  Drone  
  17  1:12  Extractor  
  17  1:15  Drone  
  17  1:18  Drone  
  18  1:29  Queen  
  18  1:31  Zergling x2  
  21  1:38  Overlord  
  21  1:49  Drone  
  22  2:02  Drone  
  22  2:05  Queen  
  25  2:12  Drone, Metabolic Boost  
  26  2:20  Drone, Queen  
  29  2:24  Drone  
  30  2:31  Drone  
  30  2:35  Drone  
  32  2:40  Baneling Nest, Overlord  
  32  2:43  Drone x2  
  33  2:50  Zergling x4  
  35  2:54  Drone  
  36  3:06  Drone x2  
  36  3:12  Drone  
  39  3:19  Hatchery  
  38  3:25  Drone x2  
  38  3:26  Baneling x2  
  40  3:28  Zergling x6  
  43  3:34  Overlord  
  43  3:35  Overlord  
  43  3:42  Baneling x2  
  43  3:47  Zergling x2  
  44  3:52  Queen  
  46  3:59  Drone  
  46  4:00  Drone x5  
  46  4:02  Roach Warren  
  48  4:10  Zergling x2  
  48  4:11  Zergling x4  
  51  4:21  Extractor, Drone x3  
  51  4:22  Lair  
  54  4:24  Drone x2  
  54  4:26  Evolution Chamber  
  53  4:33  Extractor  
  52  4:39  Drone  
  52  4:40  Drone x2  
  54  4:50  Drone x2  
  54  4:51  Zerg Missile Weapons Level 1, Drone  
  56  4:55  Overlord  
  54  5:21  Roach x5  
  54  5:22  Roach x5  
  54  5:26  Overlord x4  
  72  5:32  Spine Crawler  
  72  5:34  Spine Crawler  
  70  5:36  Roach x2, Spine Crawler  
  70  5:41  Overlord  
  70  5:42  Overlord x2  
  73  5:46  Roach x2  
  77  5:50  Ravager  
  77  5:51  Roach x2  
  77  5:54  Roach  
  84  6:01  Roach x3  
  78  6:12  Roach x4  
  78  6:17  Roach x2  
  80  6:26  Drone x2  
  82  6:35  Glial Reconstitution  
  74  6:47  Zerg Missile Weapons Level 2  
  74  6:48  Drone  
  74  6:50  Hatchery  
  74  6:53  Overlord  
  74  6:54  Overlord  
  74  6:55  Roach x3  
  74  7:01  Roach  
  82  7:05  Roach x2  
  82  7:07  Queen  
  88  7:10  Overlord  
  88  7:12  Roach x2  
  92  7:16  Roach  
  92  7:17  Roach  
  96  7:25  Roach  
  96  7:26  Roach  
  100  7:31  Roach x2  
  100  7:37  Roach x2  
  108  7:47  Drone  
  108  7:48  Drone x3  
  108  7:50  Drone  
  113  7:51  Extractor  
  113  7:53  Drone x3  
  113  7:56  Ravager x2  
  113  7:58  Roach  
  119  8:04  Roach  
  119  8:05  Roach  
  123  8:13  Roach x3  
  123  8:18  Roach  
  123  8:19  Roach  
  131  8:33  Roach x6  
  141  8:37  Drone x2  
  141  8:38  Drone  
  141  8:40  Ravager  
  145  8:46  Roach x3  
  143  8:57  Roach x5  
Show
View Real Time Build Order
Export as new Build Order

Erik Zerg 

Build Orders: Hatch First 

Get SALT Encoding   

  12  0:01  Drone  
  13  0:14  Overlord  
  13  0:17  Drone  
  14  0:32  Drone  
  14  0:33  Drone  
  16  0:36  Drone  
  17  0:51  Hatchery  
  17  0:55  Drone  
  17  1:09  Spawning Pool  
  17  1:10  Extractor  
  15  1:11  Drone  
  15  1:16  Drone  
  17  1:20  Drone  
  18  1:30  Overlord  
  18  1:55  Zergling x4  
  18  1:56  Queen  
  22  2:04  Queen  
  22  2:05  Drone  
  25  2:14  Metabolic Boost  
  26  2:22  Drone  
  26  2:23  Drone x2  
  26  2:24  Drone  
  26  2:27  Drone  
  30  2:34  Drone  
  31  2:37  Drone  
  32  2:49  Hatchery  
  31  2:53  Drone  
  31  2:55  Baneling Nest  
  31  2:57  Overlord  
  30  3:13  Zergling x12  
  36  3:20  Zergling x4  
  36  3:21  Zergling x4  
  36  3:26  Zergling x2  
  41  3:31  Drone  
  43  3:34  Drone  
  43  3:36  Drone  
  43  3:38  Overlord  
  44  3:43  Baneling  
  44  3:44  Baneling  
  44  3:45  Overlord  
  44  3:51  Overlord  
  43  4:00  Drone x6  
  48  4:05  Extractor  
  44  4:19  Roach Warren, Drone  
  44  4:25  Drone  
  44  4:27  Overlord x3  
  45  4:37  Overlord  
  42  4:48  Queen  
  41  4:57  Baneling x2  
  41  4:59  Roach x9  
  59  5:02  Roach  
  59  5:05  Roach  
  63  5:07  Roach  
  62  5:22  Roach x2  
  65  5:30  Zergling x2  
  65  5:31  Zergling x14  
  65  5:33  Zergling x2  
  74  5:35  Zergling x2  
  74  5:41  Zergling x4  
  77  5:44  Ravager x3  
  77  5:47  Drone x2  
  77  5:48  Drone  
  83  5:53  Drone x2  
  85  5:59  Drone  
  85  6:00  Drone  
  72  6:19  Drone x2  
  69  6:26  Roach  
  69  6:27  Roach x6  
  69  6:29  Lair  
  69  6:41  Zergling x8  
  69  6:46  Queen  
  72  6:49  Extractor  
  72  6:50  Evolution Chamber  
  72  6:54  Zergling x6  
  72  6:59  Extractor  
  72  7:04  Drone x3  
  72  7:05  Drone x3  
  78  7:13  Drone x2  
  78  7:15  Drone  
  81  7:18  Zerg Missile Weapons Level 1  
  80  7:27  Roach x4  
  80  7:28  Roach x3  
  93  7:35  Roach x4  
  100  7:44  Roach  
  100  7:48  Roach  
  100  7:49  Roach  
  100  7:50  Glial Reconstitution  
  105  7:51  Overlord x2  
  105  7:54  Overlord  
  95  8:15  Roach  
  95  8:16  Roach x2  
  90  8:20  Roach x5  
  91  8:31  Roach  
  91  8:33  Roach  
  97  8:35  Roach x4  
  97  8:40  Ravager  
  106  8:42  Ravager  
  99  8:49  Roach x2  
  99  8:50  Roach x2  
  85  8:57  Roach x2  
  85  8:58  Roach x2  
Tags
 
Add a new tag
Caveats
  • Supply blocks, unpowered buildings, or Contaminate may cause inaccurate times.
  • Supply counts are checked every 10 seconds.